[ AOE2 MATCH · #466552799 ]
UnrankedLithuanians vs Magyars
[ REPLAY ANALYSIS · EXTRACTED FROM THE RECORDED GAME ]
Feudal
—
Castle
—
Imperial
—
| APM avg | 41.2 |
| APM peak | 90 |
| eAPM avg | 19.3 |
| Villagers / military | 18 / 0 |
Focus
⚔️ 32.2% · 🌾 67.8%
Feudal
—
Castle
—
Imperial
—
| APM avg | 34.5 |
| APM peak | 63 |
| eAPM avg | 12.9 |
| Villagers / military | 21 / 0 |
Focus
⚔️ 22.1% · 🌾 77.9%
Feudal
—
Castle
—
Imperial
—
| APM avg | 37.4 |
| APM peak | 56 |
| eAPM avg | 16.6 |
| Villagers / military | 20 / 0 |
Focus
⚔️ 30.6% · 🌾 69.4%
Feudal
—
Castle
—
Imperial
—
| APM avg | 25.4 |
| APM peak | 39 |
| eAPM avg | 16.7 |
| Villagers / military | 39 / 0 |
Focus
⚔️ 10.1% · 🌾 89.9%
Feudal
—
Castle
—
Imperial
—
| APM avg | 23.4 |
| APM peak | 38 |
| eAPM avg | 13.8 |
| Villagers / military | 20 / 0 |
Focus
⚔️ 13.2% · 🌾 86.8%
Feudal
—
Castle
—
Imperial
—
| APM avg | 38.0 |
| APM peak | 73 |
| eAPM avg | 18.3 |
| Villagers / military | 17 / 0 |
Focus
⚔️ 16.1% · 🌾 83.9%
Feudal
—
Castle
—
Imperial
—
| APM avg | 46.8 |
| APM peak | 72 |
| eAPM avg | 17.3 |
| Villagers / military | 16 / 0 |
Focus
⚔️ 18.9% · 🌾 81.1%
Feudal
—
Castle
—
Imperial
—
| APM avg | 21.7 |
| APM peak | 32 |
| eAPM avg | 11.5 |
| Villagers / military | 27 / 0 |
Focus
⚔️ 6.7% · 🌾 93.3%
Match map
Initial resources + every placement click. Lines = walls · curves = elevation contours. ◆ gold · ⬟ stone · ● berries · ✦ relic · ◌ wall gap
Your base
Systemd0wn's base
Kleptomahn's base
Andeshow's base
LeCoque's base
Chucho_'s base
MZTK | ___Jaque_mate's base
La Cumparsita Rock 72's base
Smoothed initial terrain · ◌ = detected wall gap · hover for details
Inputs per minute
— kampert - - Systemd0wn
Build order — kampert
30 actions detected in the replay
| 0:01 | Create | Villager (Male) |
| 0:01 | Create | Villager (Male) |
| 0:02 | Build | House |
| 0:04 | Build | House |
| 0:10 | Create | Villager (Male) |
| 0:10 | Create | Villager (Male) |
| 0:10 | Create | Villager (Male) |
| 0:35 | Create | Villager (Male) |
| 1:19 | Build | Palisade Wall |
| 1:42 | Create | Villager (Male) |
| 2:14 | Build | Palisade Wall |
| 2:22 | Research | Loom |
| 2:37 | Build | Palisade Wall |
| 2:41 | Create | Villager (Male) |
| 2:41 | Create | Villager (Male) |
| 2:41 | Create | Villager (Male) |
| 3:23 | Create | Villager (Male) |
| 3:23 | Create | Villager (Male) |
| 3:39 | Build | House |
| 4:00 | Build | House |
| 4:08 | Build | Lumber Camp |
| 4:09 | Create | Villager (Male) |
| 4:26 | Create | Villager (Male) |
| 4:27 | Create | Villager (Male) |
| 4:34 | Create | Villager (Male) |
| 4:44 | Build | House |
| 5:49 | Create | Villager (Male) |
| 5:49 | Create | Villager (Male) |
| 6:18 | Build | Palisade Wall |
| 6:31 | Build | Mining Camp |
Build order — Systemd0wn
26 actions detected in the replay
| 0:01 | Create | Villager (Male) |
| 0:02 | Build | House |
| 0:04 | Build | House |
| 0:15 | Create | Villager (Male) |
| 0:18 | Create | Villager (Male) |
| 0:18 | Create | Villager (Male) |
| 0:29 | Create | Villager (Male) |
| 1:26 | Create | Villager (Male) |
| 2:01 | Create | Villager (Male) |
| 2:02 | Create | Villager (Male) |
| 2:07 | Build | Lumber Camp |
| 2:21 | Create | Villager (Male) |
| 3:22 | Create | Villager (Male) |
| 3:23 | Build | House |
| 3:25 | Create | Villager (Male) |
| 3:43 | Create | Villager (Male) |
| 3:55 | Create | Villager (Male) |
| 4:09 | Create | Villager (Male) |
| 4:15 | Build | House |
| 4:32 | Create | Villager (Male) |
| 4:32 | Create | Villager (Male) |
| 5:05 | Create | Villager (Male) |
| 5:05 | Create | Villager (Male) |
| 5:31 | Create | Villager (Male) |
| 6:16 | Create | Villager (Male) |
| 6:24 | Create | Villager (Male) |
Build order — Kleptomahn
26 actions detected in the replay
| 0:01 | Create | Villager (Male) |
| 0:01 | Create | Villager (Male) |
| 0:02 | Create | Villager (Male) |
| 0:02 | Create | Villager (Male) |
| 0:03 | Build | House |
| 0:05 | Build | House |
| 1:17 | Research | Loom |
| 1:36 | Create | Villager (Male) |
| 1:36 | Create | Villager (Male) |
| 1:46 | Build | House |
| 2:10 | Create | Villager (Male) |
| 3:00 | Create | Villager (Male) |
| 3:00 | Create | Villager (Male) |
| 3:01 | Create | Villager (Male) |
| 3:40 | Create | Villager (Male) |
| 3:40 | Create | Villager (Male) |
| 4:19 | Create | Villager (Male) |
| 4:19 | Create | Villager (Male) |
| 4:29 | Build | Lumber Camp |
| 5:25 | Create | Villager (Male) |
| 5:25 | Create | Villager (Male) |
| 5:34 | Create | Villager (Male) |
| 6:32 | Create | Villager (Male) |
| 7:18 | Create | Villager (Male) |
| 7:18 | Create | Villager (Male) |
| 7:29 | Build | House |
Build order — Andeshow
48 actions detected in the replay
| 0:00 | Create | Villager (Male) |
| 0:01 | Create | Villager (Male) |
| 0:05 | Build | House |
| 0:06 | Build | House |
| 0:26 | Create | Villager (Male) |
| 0:26 | Create | Villager (Male) |
| 0:26 | Create | Villager (Male) |
| 0:26 | Create | Villager (Male) |
| 0:33 | Research | Loom |
| 1:00 | Create | Villager (Male) |
| 1:00 | Create | Villager (Male) |
| 1:00 | Create | Villager (Male) |
| 1:33 | Build | Palisade Wall |
| 1:35 | Create | Villager (Male) |
| 1:36 | Create | Villager (Male) |
| 2:17 | Create | Villager (Male) |
| 2:17 | Create | Villager (Male) |
| 2:17 | Create | Villager (Male) |
| 2:30 | Build | House |
| 2:42 | Create | Villager (Male) |
| 2:42 | Create | Villager (Male) |
| 2:43 | Create | Villager (Male) |
| 3:00 | Create | Villager (Male) |
| 3:00 | Create | Villager (Male) |
| 3:32 | Create | Villager (Male) |
| 3:32 | Create | Villager (Male) |
| 4:08 | Create | Villager (Male) |
| 4:09 | Create | Villager (Male) |
| 4:31 | Create | Villager (Male) |
| 4:31 | Create | Villager (Male) |
| 4:44 | Build | House |
| 4:48 | Build | Palisade Wall |
| 4:53 | Build | Palisade Gate |
| 5:00 | Create | Villager (Male) |
| 5:00 | Create | Villager (Male) |
| 5:25 | Create | Villager (Male) |
| 5:25 | Create | Villager (Male) |
| 5:46 | Build | Mill |
| 5:51 | Create | Villager (Male) |
| 5:51 | Create | Villager (Male) |
| 5:57 | Create | Villager (Male) |
| 5:57 | Create | Villager (Male) |
| 6:31 | Create | Villager (Male) |
| 6:31 | Create | Villager (Male) |
| 7:14 | Create | Villager (Male) |
| 7:14 | Create | Villager (Male) |
| 7:14 | Create | Villager (Male) |
| 7:14 | Create | Villager (Male) |
Build order — LeCoque
28 actions detected in the replay
| 0:02 | Create | Villager (Male) |
| 0:02 | Create | Villager (Male) |
| 0:03 | Create | Villager (Male) |
| 0:03 | Create | Villager (Male) |
| 0:07 | Build | House |
| 0:08 | Build | House |
| 1:27 | Create | Villager (Male) |
| 1:47 | Build | Lumber Camp |
| 2:01 | Create | Villager (Male) |
| 2:24 | Create | Villager (Male) |
| 2:55 | Create | Villager (Male) |
| 3:10 | Create | Villager (Male) |
| 3:48 | Create | Villager (Male) |
| 3:51 | Build | House |
| 4:11 | Create | Villager (Male) |
| 4:28 | Create | Villager (Male) |
| 4:33 | Build | Mill |
| 5:23 | Create | Villager (Male) |
| 5:43 | Create | Villager (Male) |
| 5:43 | Create | Villager (Male) |
| 5:44 | Create | Villager (Male) |
| 5:48 | Build | House |
| 6:02 | Build | House |
| 6:27 | Create | Villager (Male) |
| 6:28 | Create | Villager (Male) |
| 6:50 | Create | Villager (Male) |
| 7:40 | Create | Villager (Male) |
| 7:43 | Build | Mining Camp |
Build order — Chucho_
26 actions detected in the replay
| 0:01 | Create | Villager (Male) |
| 0:01 | Create | Villager (Male) |
| 0:02 | Build | House |
| 0:04 | Build | House |
| 0:19 | Create | Villager (Male) |
| 0:19 | Create | Villager (Male) |
| 1:23 | Create | Villager (Male) |
| 1:46 | Build | Lumber Camp |
| 1:58 | Create | Villager (Male) |
| 2:14 | Create | Villager (Male) |
| 2:47 | Create | Villager (Male) |
| 3:05 | Create | Villager (Male) |
| 3:37 | Create | Villager (Male) |
| 4:07 | Create | Villager (Male) |
| 4:07 | Create | Villager (Male) |
| 4:13 | Build | House |
| 4:32 | Create | Villager (Male) |
| 5:21 | Create | Villager (Male) |
| 5:22 | Create | Villager (Male) |
| 5:31 | Build | Mill |
| 6:11 | Create | Villager (Male) |
| 6:27 | Build | House |
| 6:33 | Create | Villager (Male) |
| 6:50 | Research | Loom |
| 7:33 | Research | Feudal Age |
| 7:33 | Research | Feudal Age |
Build order — MZTK | ___Jaque_mate
24 actions detected in the replay
| 0:00 | Create | Villager (Male) |
| 0:01 | Create | Villager (Male) |
| 0:02 | Build | House |
| 0:16 | Research | Loom |
| 0:19 | Create | Villager (Male) |
| 0:37 | Create | Villager (Male) |
| 0:40 | Create | Villager (Male) |
| 1:40 | Create | Villager (Male) |
| 1:56 | Build | House |
| 2:13 | Build | House |
| 2:23 | Create | Villager (Male) |
| 3:30 | Create | Villager (Male) |
| 3:44 | Create | Villager (Male) |
| 3:44 | Create | Villager (Male) |
| 4:10 | Build | House |
| 4:42 | Create | Villager (Male) |
| 4:46 | Create | Villager (Male) |
| 5:15 | Build | Lumber Camp |
| 5:49 | Create | Villager (Male) |
| 5:49 | Create | Villager (Male) |
| 6:15 | Create | Villager (Male) |
| 6:20 | Create | Villager (Male) |
| 6:34 | Build | House |
| 7:00 | Build | House |
Build order — La Cumparsita Rock 72
35 actions detected in the replay
| 0:01 | Create | Villager (Male) |
| 0:01 | Create | Villager (Male) |
| 0:02 | Build | House |
| 0:03 | Build | House |
| 0:25 | Create | Villager (Male) |
| 0:25 | Create | Villager (Male) |
| 0:25 | Create | Villager (Male) |
| 1:28 | Create | Villager (Male) |
| 1:28 | Create | Villager (Male) |
| 1:57 | Create | Villager (Male) |
| 1:58 | Create | Villager (Male) |
| 2:03 | Build | House |
| 2:04 | Build | House |
| 2:28 | Create | Villager (Male) |
| 2:28 | Create | Villager (Male) |
| 2:47 | Create | Villager (Male) |
| 2:48 | Create | Villager (Male) |
| 3:00 | Create | Villager (Male) |
| 3:01 | Create | Villager (Male) |
| 3:46 | Create | Villager (Male) |
| 3:46 | Create | Villager (Male) |
| 4:12 | Create | Villager (Male) |
| 4:13 | Create | Villager (Male) |
| 4:35 | Build | Mill |
| 5:10 | Create | Villager (Male) |
| 5:11 | Create | Villager (Male) |
| 5:11 | Create | Villager (Male) |
| 5:46 | Build | Lumber Camp |
| 5:47 | Create | Villager (Male) |
| 6:32 | Create | Villager (Male) |
| 6:32 | Create | Villager (Male) |
| 6:35 | Build | House |
| 7:18 | Create | Villager (Male) |
| 7:18 | Create | Villager (Male) |
| 7:38 | Build | Mining Camp |
Match timeline
| 1:19 | kampert · wall_segment Palisade Wall x7 |
| 1:33 | Andeshow · wall_segment Palisade Wall x13 |
| 2:14 | kampert · wall_segment Palisade Wall x1 |
| 2:37 | kampert · wall_segment Palisade Wall x1 |
| 4:48 | Andeshow · wall_segment Palisade Wall x7 |
| 6:18 | kampert · wall_segment Palisade Wall x1 |
| 6:42 | Systemd0wn · resign |
[ AI ANALYSIS · 1 CREDIT ]
What really happened in this match?
Wolo.gg analyzes every decision: build order, eco, micro, common mistakes by bracket. Personalized analysis on WhatsApp or Discord in 30 seconds.
Civ guide
Lithuanians
Perfil
Jugador #5943721